[Event "*** SCC Grand Prix: Titled Tuesday Blitz"]
[Site "Chess.com"]
[Date "2020.08.04"]
[Round "10"]
[White "dopolian"]
[Black "crescentmoon2411"]
[Result "1-0"]
[WhiteElo "2534"]
[BlackElo "2763"]
[TimeControl "180+1"]
[EndTime "15:38:39 PDT"]
[Termination "dopolian won by resignation"]

1. e4 e6 2. d4 d5 3. Nd2 dxe4 4. Nxe4 Bd7 5. Nf3 Bc6 6. Bd3 Nd7 7. O-O Ngf6 8. Nxf6+ Nxf6 9. c3 Bd6 10. Ne5 Bxe5 11. dxe5 Qd5 12. f3 Qxe5 13. Re1 Qd6 14. Bg5 O-O-O 15.
Bc2 Qc5+ 16. Be3 Rxd1 17. Bxc5 Rxa1 18. Rxa1 Nd5 19. Rd1 f6 20. c4 Nf4 21. h4 e5 22. b4 a6 23. a4 b6 24. Be3 Ng6 25. h5 Ne7 26. b5 axb5 27. axb5 Bb7 28. c5 bxc5 29. Bxc5 Nd5 30. Be4 Nc3 31. Bf5+ Kb8 32. Rd7 g6 33. Bd3 e4 34. fxe4 Bxe4 35. b6 Bxd3 36.
bxc7+ Kc8 37. Rxd3 Nb5 38. Bb6 Nxc7 39. Rc3 Kb7 40.
Bxc7 Rc8 41. Ba5 Ra8 42. Bb4 Ra4 43. Be7 gxh5 44. Bxf6 Rf4 45. Be5 Rf5 46. Bg3 Kb6 47.
Rc7 h4 48. Bh2 Rh5 49. Rc3 Kb5 50. Rh3 Kc4 51. Bd6 Kd5 52. Be7 1-0

[Event "*** SCC Grand Prix: Titled Tuesday Blitz"]
[Site "Chess.com"]
[Date "2020.08.04"]
[Round "10"]
[White "Alberquintin"]
[Black "DenLaz"]
[Result "1-0"]
[WhiteElo "2513"]
[BlackElo "2709"]
[TimeControl "180+1"]
[EndTime "15:38:51 PDT"]
[Termination "Alberquintin won by resignation"]

1. c4 c6 2. d4 d5 3. cxd5 cxd5 4. Nc3 Nf6 5. Bf4 Nc6 6. e3 Bf5 7. Nf3 e6 8. Bb5 Nd7 9. O-O Be7 10. Rc1 O-O 11. a3 Rc8 12. b4 a6 13. Be2 Nb6 14.
Na4 Nc4 15. Nc5 Bxc5 16. bxc5 N6a5 17. Ne5 Nxe5 18. Bxe5 Qd7 19. Bg3 f6 20. Bd6 Rfe8 21.
Bh5 Bg6 22. Bxg6 hxg6 23. Rb1 Nc4 24. Qd3 Nxd6 25. cxd6 b5 26. Qxg6 Qxd6 27. Rbc1 Qd7 28. Rc5 Rxc5 29. dxc5 Rc8 30. Rc1 Rc6 31. Qd3 Qc7 32. Qd4 Qe5 33. f4 Qxd4 34. exd4 Kf7 35. Kf2 Ke7 36. Ke3 Kd7 37. g4 Rc8 38. h4 g6 39. Rh1 Rh8 40. h5 gxh5 41. Rxh5 Rg8 42. Rh7+ Kc6 43. Kf3 a5 44. Re7 b4 45. Rxe6+ Kb5 46.
Rb6+ Kc4 47. axb4 axb4 48. c6 b3 49. Rb7 Kc3 50. c7 b2 51. Rb8 Rc8 52. Rb7 Kc2 53. g5 f5 54. Kg3 b1=Q 55. Rxb1 Kxb1 56. g6 Kc2 57. Kh4 Kd3 58. Kg5 Ke4 59. g7 Kxd4 60. Kxf5 Kc5 61. Ke6 Rg8 62. Kf7 Rc8 63. g8=Q Rxc7+ 64. Ke6 d4 65. Qf8+ Kc4 66. Qa3 Rc6+ 67. Ke5 Rc5+ 68.
Ke4 Rc8 69. Qd3+ Kc5 70. Qxd4+ Kc6 71. Qd5+ Kc7 72. f5 Re8+ 73. Kf4 Rf8 74. Qe5+ 1-0

[Event "*** SCC Grand Prix: Titled Tuesday Blitz"]
[Site "Chess.com"]
[Date "2020.08.04"]
[Round "10"]
[White "DrMamaliga"]
[Black "Batsai"]
[Result "1/2-1/2"]
[WhiteElo "2177"]
[BlackElo "2331"]
[TimeControl "180+1"]
[EndTime "15:38:51 PDT"]
[Termination "Game drawn by stalemate"]

1. c4 Nf6 2. Nc3 e5 3. Nf3 Nc6 4. e3 Bb4 5. Qc2 O-O 6. Nd5 Re8 7. Qf5 d6 8. Nxf6+ Qxf6 9. Qxf6 gxf6 10. a3 Ba5 11.
Be2 e4 12. Nd4 Nxd4 13. exd4 Bb6 14. d5 Bd4 15. Rb1 Bf5 16. Ra1 a5 17. O-O a4 18.
Ra2 Ra6 19. Re1 Rb6 20. Kf1 Ra8 21.
h4 Ra5 22. g4 Bd7 23. Bd1 f5 24. f3 exf3 25. Re7 fxg4 26. Rxd7 Rb3 27. d3 Rxd3 28. Bxf3 Rxf3+ 29. Ke2 Ra8 30. Bh6 Re8+ 31. Kd2 Bc3+ 32. Kd1 Re1+ 33. Kc2 Re2+ 34. Kd1 Re8 35. Kc2 Be5 36.
Ra1 g3 37. Rg1 Rf2+ 38. Kd3 g2 39. Be3 Bg3 40. Rxc7 Rxe3+ 41. Kxe3 Rf4 42. Rc8+ Kg7 43. Rxg2 Rg4 44. Kf3 f5 45. Rxg3 Rxg3+ 46. Kxg3 Kf6 47. Kf4 h5 48. Rf8+ Ke7 49. Rxf5 b5 50. Rxh5 bxc4 51. Ke4 c3 52. bxc3 Kd8 53. Kd4 Kc7 54. c4 Kb6 55. c5+ Ka5 56. Kc4 dxc5 57. Kxc5 Ka6 58. Rh6+ Ka5 59.
Re6 1/2-1/2

[Event "*** SCC Grand Prix: Titled Tuesday Blitz"]
[Site "Chess.com"]
[Date "2020.08.04"]
[Round "10"]
[White "Lucas_Tomiello"]
[Black "Mikhail_Golubev"]
[Result "0-1"]
[WhiteElo "2463"]
[BlackElo "2602"]
[TimeControl "180+1"]
[EndTime "15:38:52 PDT"]
[Termination "Mikhail_Golubev won by resignation"]

1. e4 c5 2. Nf3 d6 3. d4 Nf6 4. Nc3 cxd4 5. Nxd4 Nc6 6. Bg5 e6 7. Qd2 a6 8. f4 h6 9. Bxf6 Qxf6 10. Nf3 Qd8 11.
O-O-O Be7 12. g4 Bd7 13. h4 Rc8 14. Kb1 b5 15. Bd3 Na5 16. g5 Nc4 17. Bxc4 Rxc4 18.
Qd3 Qc7 19. Ne2 b4 20. f5 Rc5 21. Nf4 exf5 22. Nd5 Qd8 23. exf5 Bc6 24. Nxe7 Kxe7 25. Rhe1+ Kf8 26. g6 Rd5 27. Qe3 Rxd1+ 28. Rxd1 Qe7 29. Qf4 fxg6 30. fxg6+ Qf6 31. Qxd6+ Qxd6 32. Rxd6 Be8 33.
Ne5 Ke7 34. Rxa6 Rf8 35. Ra7+ Ke6 36. Nf7 Bxf7 37. gxf7 Rxf7 38. Rxf7 Kxf7 39. a4 g5 40. a5 g4 41. a6 g3 42. a7 g2 43. a8=Q g1=Q+ 44. Ka2 Qd4 45. Qb7+ Kg6 46. Qc6+ Kh5 47. c3 bxc3 48. bxc3 Qxh4 49. Qd5+ Qg5 50. Qf3+ Kg6 51. Qe4+ Qf5 52. Qg2+ Qg5 53. Qe4+ Qf5 54. Qg2+ Kf6 55. Qc6+ Qe6+ 56. Qxe6+ Kxe6 57. Kb3 h5 58. Kc4 h4 59. Kd3 h3 0-1

[Event "*** SCC Grand Prix: Titled Tuesday Blitz"]
[Site "Chess.com"]
[Date "2020.08.04"]
[Round "10"]
[White "Alexander_Moskalenko"]
[Black "Micki-taryan"]
[Result "0-1"]
[WhiteElo "2842"]
[BlackElo "3063"]
[TimeControl "180+1"]
[EndTime "15:38:53 PDT"]
[Termination "Micki-taryan won by checkmate"]

1. d4 d5 2. Nf3 c6 3. c4 Nf6 4. e3 Bg4 5. Qb3 Qb6 6. Nc3 Qxb3 7. axb3 Bxf3 8. gxf3 e6 9. Bd2 Nbd7 10. f4 g6 11. c5 a6 12. b4 Rc8 13. Bd3 h5 14. Ke2 Be7 15. f3 Nh7 16. Rhg1 Nhf8 17. e4 f5 18. e5 Kf7 19. Bxa6 bxa6 20. Rxa6 Nb8 21. Ra7 Nfd7 22. b5 cxb5 23. Nxb5 Rhd8 24. b4 Nc6 25.
Ra6 Ndb8 26. Ra4 Nd7 27. Kd3 Rb8 28. Na7 Nxa7 29. Rxa7 Rb5 30. Rga1 Ke8 31. R1a6 Nf8 32. Kc2 Rdb8 33. Kb3 h4 34. h3 Bd8 35. Ka4 Be7 36. Ra8 Nd7 37. Rxb8+ Rxb8 38. Rxe6 Ra8+ 39. Kb5 Ra2 40. Be1 Nf8 41. Ra6 Re2 42. Bc3 Re3 43. Bb2 Rxf3 44. Kc6 Rxh3 45. b5 Rb3 46. Bc1 h3 47. Ra2 Ne6 48. Kxd5 Nc7+ 49. Kc4 Rb1 50. Be3 Re1 51. Bf2 Rc1+ 52. Kd3 Nxb5 53. Be3 Rc3+ 54. Kd2 h2 55. Ra1 g5 56. Rh1 gxf4 57. Bxf4 Rh3 58. Rxh2 Rxh2+ 59. Bxh2 Nxd4 60. Kd3 Ne6 61. c6 Kd8 62.
Kc4 Bg5 63. Kd5 Nc7+ 64. Kd6 Be7# 0-1

[Event "*** SCC Grand Prix: Titled Tuesday Blitz"]
[Site "Chess.com"]
[Date "2020.08.04"]
[Round "10"]
[White "Andreikka"]
[Black "Bigfish1995"]
[Result "0-1"]
[WhiteElo "2853"]
[BlackElo "2980"]
[TimeControl "180+1"]
[EndTime "15:38:54 PDT"]
[Termination "Bigfish1995 won on time"]

1. c4 e5 2. Nc3 Nc6 3. Nf3 Nf6 4. g3 Bb4 5. Bg2 O-O 6. O-O Bxc3 7. bxc3 e4 8. Ng5 Re8 9. f3 exf3 10. Nxf3 Qe7 11.
e3 Qc5 12. d3 d5 13. Nh4 dxc4 14. d4 Qa5 15. Qc2 Nd5 16. Qf2 f6 17. Bd2 Nde7 18. e4 Rf8 19. Qe2 Kh8 20. e5 Nd5 21. Qxc4 Nce7 22. Rae1 f5 23. Bg5 c6 24. Qd3 Ng8 25. c4 Nb6 26. d5 cxd5 27. cxd5 Bd7 28.
Bd2 Qxa2 29. e6 Bb5 30. Qxb5 Qxd2 31. Rd1 Qe3+ 32. Kh1 f4 33. Rfe1 Qc3 34. d6 fxg3 35. hxg3 Qxg3 36. Nf5 Qg5 37. Rf1 Rae8 38. e7 Nf6 39.
exf8=Q+ Rxf8 40. Qd3 Ng4 41. Qg3 Rxf5 42. Rxf5 Qxf5 43.
d7 Nxd7 44. Rxd7 h5 45. Rd8+ Kh7 46. Kg1 Qb1+ 47. Bf1 Qb6+ 48. Kg2 Qxd8 49. Bd3+ Kh6 50. Qf4+ Qg5 51. Qd6+ Nf6+ 52. Kf3 Qg4+ 53. Ke3 h4 54. Kd2 Qg2+ 55. Kc3 Qc6+ 0-1

[Event "*** SCC Grand Prix: Titled Tuesday Blitz"]
[Site "Chess.com"]
[Date "2020.08.04"]
[Round "10"]
[White "NotFischer"]
[Black "XiaoKangZhong"]
[Result "1/2-1/2"]
[WhiteElo "2222"]
[BlackElo "2413"]
[TimeControl "180+1"]
[EndTime "15:39:00 PDT"]
[Termination "Game drawn - insufficient material"]

1. e4 c6 2. d4 d5 3. exd5 cxd5 4. Bd3 Nc6 5. c3 Nf6 6. Bf4 Bg4 7. Qb3 Qc8 8. Nd2 e6 9. Ngf3 Be7 10. O-O O-O 11. Rfe1 a6 12. Ne5 Bh5 13. Ndf3 Bg6 14. a4 Bxd3 15. Nxd3 Ne4 16. a5 Qd7 17. Nfe5 Nxe5 18.
Nxe5 Qc8 19. c4 Nf6 20. Rac1 Qd8 21. c5 Ra7 22. c6 Qxa5 23. cxb7 Qb5 24. Qxb5 axb5 25.
Nc6 Rxb7 26. Nxe7+ Rxe7 27. Bd6 Rb7 28. Bxf8 Kxf8 29.
f3 Ke7 30. Rc5 Nd7 31. Rc6 Nb6 32. b3 Nd7 33. Rec1 f6 34. Kf2 h6 35. Ke3 Ra7 36.
Rc7 Ra3 37. R1c3 e5 38. Rb7 Ra1 39. Rxb5 Kd6 40. Rd3 Re1+ 41. Kf2 Rb1 42. dxe5+ Nxe5 43. Rdxd5+ Ke6 44. h3 Ng6 45. Rdc5 Nf4 46. Rc6+ Kd7 47. Ra6 Rb2+ 48. Kg3 g5 49. Kg4 Rxg2+ 50. Kf5 Nxh3 51. Rb7+ Kc8 52. Rh7 Kb8 53. Re6 Rc2 54. Re8+ Rc8 55. Rxc8+ Kxc8 56. Rxh6 Ng1 57. Kxf6 Nxf3 58. Rg6 Kb7 59.
Kf5 Nd4+ 60. Kxg5 Nxb3 61. Rf6 Nc5 62. Kf5 Kc7 63. Ke5 Nd7+ 64. Ke6 Nxf6 1/2-1/2

[Event "*** SCC Grand Prix: Titled Tuesday Blitz"]
[Site "Chess.com"]
[Date "2020.08.04"]
[Round "10"]
[White "Yoshikrov"]
[Black "arminmusovic"]
[Result "1/2-1/2"]
[WhiteElo "2143"]
[BlackElo "2462"]
[TimeControl "180+1"]
[EndTime "15:39:00 PDT"]
[Termination "Game drawn by agreement"]

1. e4 c6 2. c4 d5 3. exd5 cxd5 4. cxd5 a6 5. Nc3 Nf6 6. Qb3 g6 7. Nf3 Bg7 8. a4 O-O 9. Bc4 Nbd7 10. a5 Nc5 11.
Qb4 Qd6 12. O-O Bg4 13. d4 Nce4 14. Qxd6 Nxd6 15. Be2 Rfd8 16. h3 Bxf3 17. Bxf3 Nb5 18. Nxb5 axb5 19. d6 Rxd6 20. Bxb7 Ra7 21. a6 Nd5 22. Be3 Nxe3 23. fxe3 Bh6 24. Kf2 e5 25. d5 Bg5 26. Rfc1 Bh4+ 27. Ke2 Bd8 28. Rc8 Kf8 29. Ra8 Rxa8 30. Bxa8 Bb6 31. Bc6 Ba7 32. Rd1 Ke7 33. Bxb5 Rb6 34. Bc6 Rxb2+ 35. Rd2 Rxd2+ 36. Kxd2 f5 37. Kd3 Kd6 38. Bb7 e4+ 39. Ke2 Ke5 40. g3 g5 41. h4 h6 42. hxg5 hxg5 43. Bc6 Kf6 44. d6 Ke6 45. d7 Ke7 46. Bb5 Kd8 47. Kd2 Ke7 48. Ba4 Bb6 49. Ke2 Ba7 50. Bb5 Bb6 51. d8=Q+ Kxd8 52. Bc4 Ke7 53. Bd5 Kf6 54. Bc6 Ke5 55.
Bd7 Ba7 56. Bc8 Bb8 57. Bd7 Kf6 58. Bc8 Ke5 59. Bd7 Ba7 60. Bc8 f4 61. gxf4+ gxf4 62.
exf4+ Kxf4 63. Bb7 Bb6 64. Bc6 Ba7 65. Bb7 1/2-1/2

[Event "*** SCC Grand Prix: Titled Tuesday Blitz"]
[Site "Chess.com"]
[Date "2020.08.04"]
[Round "10"]
[White "TigrVShlyape"]
[Black "ChessWarrior7197"]
[Result "0-1"]
[WhiteElo "2863"]
[BlackElo "2891"]
[TimeControl "180+1"]
[EndTime "15:39:02 PDT"]
[Termination "ChessWarrior7197 won on time"]

1. d4 d5 2. Nf3 Nf6 3. Bf4 e6 4. e3 c5 5. Nbd2 Nc6 6. c3 Bd6 7. Bg3 O-O 8. Bd3 b6 9. Qe2 Bb7 10. Rd1 Ne7 11. Bxd6 Qxd6 12. Ne5 Qc7 13. f4 Nf5 14. g4 Nd6 15. g5 Nfe4 16. Rg1 Kh8 17. h4 f6 18. Ng4 Qf7 19. gxf6 gxf6 20. Nh6 Qe7 21. Bxe4 dxe4 22. Qg4 cxd4 23. cxd4 Rac8 24.
Kf2 f5 25. Qh5 Nf7 26. Nxf7+ Qxf7 27. Qh6 Ba6 28. Rc1 Bd3 29. d5 exd5 30. Nb3 Rxc1 31. Rxc1 Rg8 32. Nd4 Qg6 33. Qg5 Qf7 34. Qxf5 Qg7 35.
Qg5 Qf7 36. Qe5+ Qg7 37. Qxg7+ Kxg7 38. Rc7+ Kf6 39. Rxh7 Rc8 40. Rh6+ Kf7 41. Rc6 Rh8 42. Nf5 Rh5 43. Nd4 Rxh4 44. Rc7+ Kf6 45. Rxa7 Rh2+ 46. Kg3 Rxb2 47. Rb7 Rb1 48. a4 Kg6 49. f5+ Kf6 50. Rc7 Rg1+ 51. Kf2 Ra1 52. Rc6+ Kg5 53. Rg6+ Kh4 54. Rxb6 Rf1+ 55. Kg2 Re1 56. f6 Rxe3 57. f7 Rg3+ 58. Kf2 e3+ 0-1

[Event "*** SCC Grand Prix: Titled Tuesday Blitz"]
[Site "Chess.com"]
[Date "2020.08.04"]
[Round "10"]
[White "ClydeHillKid"]
[Black "Euge_chess"]
[Result "1/2-1/2"]
[WhiteElo "2302"]
[BlackElo "2068"]
[TimeControl "180+1"]
[EndTime "15:39:05 PDT"]
[Termination "Game drawn by stalemate"]

1. e4 e5 2. Nf3 Nc6 3. Bc4 Nf6 4. d3 d5 5. exd5 Nxd5 6. O-O Be6 7. Re1 Qd6 8. Nbd2 O-O-O 9. Ne4 Qd7 10. Bb5 f6 11. d4 Nb6 12. Be3 Bg4 13. dxe5 Qxd1 14. Raxd1 Rxd1 15. Rxd1 Bxf3 16. gxf3 Nxe5 17. Kg2 c6 18. Be2 Nd5 19. f4 Ng6 20. c4 Ndxf4+ 21. Kf3 Nxe2 22. Kxe2 Ne5 23. b3 Bb4 24. Bxa7 Re8 25.
Be3 Nxc4 26. Rd4 Nxe3 27. Rxb4 Nd5 28. Ra4 Nc3+ 29. Kd3 Nxa4 30. Nd6+ Kd7 31. Nxe8 Nc5+ 32. Kc4 Kxe8 33. Kxc5 Kd7 34. Kb6 Kc8 35. f4 g5 36.
fxg5 fxg5 37. Kc5 Kc7 38. a4 b6+ 39. Kd4 Kd6 40. Ke4 Ke6 41. b4 h5 42. a5 bxa5 43.
bxa5 Kd6 44. Kf5 c5 45. Kxg5 c4 46. Kxh5 c3 47. a6 Kc7 48. a7 Kb7 49. Kg6 Kxa7 50. h4 c2 51. h5 c1=Q 52. h6 Qg1+ 53. Kf7 Qf2+ 54. Kg8 Qg3+ 55. Kh8 Qc3+ 56. Kg8 Qg3+ 57. Kh8 Kb6 58. h7 Qf4 59. Kg8 Qg5+ 60. Kh8 Qf6+ 61.
Kg8 Qd8+ 62. Kg7 Qe7+ 63. Kg8 Qe8+ 64. Kg7 Qe5+ 65. Kg8 Qg5+ 66. Kh8 Kc7 1/2-1/2

[Event "*** SCC Grand Prix: Titled Tuesday Blitz"]
[Site "Chess.com"]
[Date "2020.08.04"]
[Round "10"]
[White "Evgeny81"]
[Black "PotapovaM"]
[Result "0-1"]
[WhiteElo "2733"]
[BlackElo "2549"]
[TimeControl "180+1"]
[EndTime "15:39:06 PDT"]
[Termination "PotapovaM won on time"]

1. d4 Nf6 2. c4 e6 3. Nc3 Bb4 4.
e3 O-O 5. Bd3 d5 6. Nf3 dxc4 7.
Bxc4 c5 8. O-O cxd4 9. exd4 b6 10. Bg5 Bb7 11. Ne5 h6 12. Bh4 Nbd7 13. Nxd7 Qxd7 14. Bxf6 gxf6 15. Qg4+ Kh7 16. Bd3+ f5 17. Qh4 Rg8 18. f3 Be7 19. Qf2 Bf6 20. Ne2 Rg7 21. Rad1 Rag8 22. g3 h5 23. Bb1 h4 24. Kg2 Ba6 25. Bd3 Bb7 26. Rg1 Kh8 27. Kf1 Qa4 28. Rd2 Qxa2 29. Qe3 Rg6 30. Nf4 Rg5 31. Nh3 R5g6 32. Nf4 Rg5 33. Kf2 Qa4 34. Bc2 Qb4 35. Ne2 R5g6 36.
gxh4 Bxh4+ 37. Kf1 Rxg1+ 38. Nxg1 Bg5 39. f4 Bh6 40. Qh3 Kh7 41. Qe3 Qb5+ 42. Bd3 Qa5 43. Rd1 Rg4 44. Ne2 Bg2+ 45. Kf2 Bb7 46. h3 Rg2+ 47. Kf1 Rg6 48. Bc2 Qd5 49. Ke1 Qh1+ 50. Kd2 Qc6 51. Bd3 Qd6 52. Rf1 Qb4+ 53. Kc2 Rg8 54.
Rc1 Bd5 55. Kb1 Qb3 56. Nc3 Rg2 57. Bc2 Qc4 0-1

[Event "*** SCC Grand Prix: Titled Tuesday Blitz"]
[Site "Chess.com"]
[Date "2020.08.04"]
[Round "10"]
[White "rynos0411"]
[Black "Iskusnyh"]
[Result "0-1"]
[WhiteElo "2389"]
[BlackElo "2569"]
[TimeControl "180+1"]
[EndTime "15:39:06 PDT"]
[Termination "Iskusnyh won by resignation"]

1. d4 d5 2. c4 c6 3. Nf3 Nf6 4.
Nc3 a6 5. cxd5 cxd5 6. Bf4 Nc6 7.
e3 Bg4 8. Be2 e6 9. O-O Be7 10. h3 Bxf3 11. Bxf3 O-O 12. Rc1 Rc8 13. Re1 Bd6 14. Bxd6 Qxd6 15. Na4 Nd7 16. a3 Ne7 17. b4 b6 18. Qd3 Rc4 19. Nb2 Rxc1 20. Rxc1 b5 21. Qb3 Nb6 22. Nd3 Nc4 23. Nc5 g6 24. a4 Rb8 25. axb5 axb5 26. Ra1 Qd8 27.
Ra6 Ra8 28. Qa2 Rxa6 29. Qxa6 Qb8 30. Nd7 Qc8 31. Qxb5 Nd2 32. Qb8 Kg7 33. Qxc8 Nxc8 34. Be2 Nd6 35. b5 N2c4 36. b6 Na5 37. Nc5 Nc6 38. Ba6 Nb8 39. Bd3 Kf8 40. Na6 Nc6 41. Kf1 Ke7 42. Nc5 Kd8 43. Ke2 Nb8 44. f3 Nc8 45. b7 Nd6 46. e4 Kc7 47. exd5 exd5 48.
Ke3 Nxb7 49. Nxb7 Kxb7 50. Kf4 Kc6 51. Bc2 Kd6 52. Kg5 Ke7 53. Kh6 Nc6 54. Kxh7 Nxd4 55. Bd3 Ne6 56. Kh6 Nf4 57. Bf1 d4 58. g3 Ne6 59. h4 Nc5 60. h5 gxh5 61. Kxh5 d3 62. g4 d2 63. Be2 Nd3 64. g5 Nf4+ 65. Kg4 Nxe2 0-1

[Event "*** SCC Grand Prix: Titled Tuesday Blitz"]
[Site "Chess.com"]
[Date "2020.08.04"]
[Round "10"]
[White "tlomigtlis"]
[Black "Goryachkina"]
[Result "0-1"]
[WhiteElo "2430"]
[BlackElo "2581"]
[TimeControl "180+1"]
[EndTime "15:39:07 PDT"]
[Termination "Goryachkina won by checkmate"]

1. d4 d5 2. c4 e6 3. Nc3 Nf6 4. cxd5 exd5 5. Bg5 c6 6. Qc2 h6 7. Bh4 g6 8. Nxd5 Qxd5 9. Bxf6 Bb4+ 10. Kd1 O-O 11.
e4 Qd6 12. Be5 Qe7 13. a3 Bd6 14. Bxd6 Qxd6 15. Nf3 Bg4 16. Be2 Bxf3 17. Bxf3 Qxd4+ 18. Ke2 Na6 19. Rad1 Qe5 20. g3 Nc5 21. Rhe1 Ne6 22.
Kf1 Rad8 23. Qb3 Nd4 24. Qc3 Nxf3 25. Qxf3 Rxd1 26. Rxd1 Qxb2 27. Rd7 a5 28. h4 c5 29.
Kg2 b5 30. h5 g5 31. Qf5 b4 32.
axb4 cxb4 33. e5 Qc3 34. Qf6 b3 35. Rb7 b2 36. Qxh6 Qxe5 37. Qc6 a4 38. Qxa4 Qd5+ 39. f3 Qxb7 40. Qa5 b1=Q 41. Qxg5+ Kh8 42. Qh6+ Kg8 43. Qg5+ Qg6 44. hxg6 fxg6 45. Qxg6+ Qg7 46. Qe6+ Qf7 47. Qg4+ Qg7 48. Qe6+ Rf7 49. Qc8+ Kh7 50. Qh3+ Qh6 51. Qc8 Qd2+ 52. Kh3 Qd7+ 53. Qxd7 Rxd7 54.
g4 Kg6 55. Kg3 Rd3 56. Kf4 Ra3 57. Ke4 Kg5 58. f4+ Kxg4 59. f5 Ra4+ 60. Ke5 Ra5+ 61. Ke6 Rxf5 62. Kd6 Kf4 63. Ke6 Ke4 64. Kd6 Re5 65. Kc6 Kd4 66. Kd6 Re4 67. Kc6 Re6+ 68. Kd7 Kd5 69. Kc7 Re7+ 70. Kd8 Kd6 71. Kc8 Rd7 72.
Kb8 Kc6 73. Kc8 Rc7+ 74. Kb8 Kb6 75. Ka8 Rc8# 0-1

[Event "*** SCC Grand Prix: Titled Tuesday Blitz"]
[Site "Chess.com"]
[Date "2020.08.04"]
[Round "10"]
[White "chenxiaoyuer"]
[Black "elcandado"]
[Result "1-0"]
[WhiteElo "2472"]
[BlackElo "2570"]
[TimeControl "180+1"]
[EndTime "15:39:09 PDT"]
[Termination "chenxiaoyuer won on time"]

1. e4 d6 2. d4 Nf6 3. Nc3 e5 4. Nf3 Nbd7 5. Bc4 Be7 6. O-O O-O 7. Re1 c6 8. a4 a5 9. b3 exd4 10. Nxd4 Ne5 11. Bf1 d5 12. exd5 Bb4 13. Bd2 Qd6 14.
Qe2 Neg4 15. Nf3 Nxd5 16. Nxd5 Qxd5 17. Bxb4 axb4 18. Rad1 Qc5 19. h3 Nf6 20. Qc4 Qxc4 21. Bxc4 Bf5 22. Nd4 Bg6 23. Bd3 Rfd8 24. Bxg6 hxg6 25. Nf3 Nd5 26. Rd4 c5 27. Rde4 Kf8 28. Ne5 Nc3 29. Rf4 Re8 30. Rxf7+ Kg8 31. Rxb7 g5 32.
Nd3 Rxe1+ 33. Nxe1 Ne2+ 34. Kf1 Nd4 35. Rc7 Ne6 36.
Rc6 Kf7 37. Nd3 Rd8 38. Nxc5 Nf4 39. Kg1 Rd1+ 40. Kh2 Rd2 41. Ne4 Re2 42. Nxg5+ Ke8 43. Kg3 Nh5+ 44. Kf3 Rd2 45. Ke3 Rd1 46. Ke2 Rc1 47. Kd2 Rf1 48. Ke2 Rc1 49. g3 Nf6 50. Rc4 Nd5 51. Ne4 Kd7 52. a5 Ra1 53.
Rc5 Ke6 54. Rc6+ Ke5 55. Nc5 Nc3+ 56. Ke3 Kd5 57. Rc7 Re1+ 58. Kd2 Rd1+ 59. Ke3 Re1+ 60. Kf3 Rc1 61. Nd3 1-0

[Event "*** SCC Grand Prix: Titled Tuesday Blitz"]
[Site "Chess.com"]
[Date "2020.08.04"]
[Round "10"]
[White "RaphCamora"]
[Black "Zarikovs1999"]
[Result "0-1"]
[WhiteElo "2443"]
[BlackElo "2402"]
[TimeControl "180+1"]
[EndTime "15:39:12 PDT"]
[Termination "Zarikovs1999 won by resignation"]

1. e4 c5 2. Nf3 Nc6 3. d4 cxd4 4. Nxd4 Nf6 5. Nc3 d6 6. Bg5 e6 7. Qd2 Be7 8. O-O-O a6 9. Kb1 Bd7 10. f4 b5 11.
Bxf6 gxf6 12. Nf3 Qb6 13. f5 O-O-O 14. g3 Kb8 15. fxe6 fxe6 16. Bh3 Na5 17. Qd4 Qb7 18. Qd3 b4 19. Ne2 Bb5 20. Qd2 e5 21. Nc1 Qxe4 22. Nh4 Nc4 23. Qxb4 Ka7 24. Bg2 Qg4 25. a4 Rb8 26. Bf3 Qc8 27. axb5 Rxb5 28. Qc3 Nxb2 29.
Qxb2 Rxb2+ 30. Kxb2 f5 31. Bd5 Bxh4 32. gxh4 Qc5 33.
Nb3 Qb6 34. Ra1 Rb8 35. Ra3 Qd4+ 36. Ka2 Qxd5 37. Ra1 Rb6 38. Kb2 Qd4+ 39. Kb1 Qxh4 40. Ra4 Qxh2 41. Rc4 Qh1+ 42. Kb2 Qd5 43. Rc7+ Rb7 44.
Rc3 f4 45. Rd3 Qc6 46. Ra5 e4 47. Rd4 Qb6 48. Rad5 e3 49. Rxf4 e2 50. Re4 Qf2 51.
Rxd6 e1=Q 52. Rxe1 Qxe1 53. Rd4 Rxb3+ 54. Kxb3 Qe5 55. Rc4 Qb5+ 56. Kc3 Qxc4+ 57. Kxc4 h5 58. Kd4 Kb6 59. Ke4 h4 60. Kf4 Kc5 61. Kg4 Kc4 62.
Kxh4 Kc3 63. Kg4 a5 64. Kf4 a4 65. Ke4 a3 66. Kd5 a2 67. Kc5 a1=Q 68. Kd6 Kxc2 69. Ke6 Qd4 70. Kf5 Kd3 71. Kg6 Ke3 72. Kh5 Qf4 73. Kg6 Ke4 74. Kh7 Qg5 75. Kh8 Kf5 76. Kh7 Kf6 0-1

[Event "*** SCC Grand Prix: Titled Tuesday Blitz"]
[Site "Chess.com"]
[Date "2020.08.04"]
[Round "10"]
[White "Steven_Rojas"]
[Black "Jenia84"]
[Result "0-1"]
[WhiteElo "2436"]
[BlackElo "2388"]
[TimeControl "180+1"]
[EndTime "15:39:12 PDT"]
[Termination "Jenia84 won on time"]

1. c4 Nf6 2. Nc3 e6 3. e4 d5 4. e5 Ne4 5. d4 Nxc3 6. bxc3 c5 7.
Nf3 Nc6 8. cxd5 Qxd5 9. Be2 cxd4 10. cxd4 Bb4+ 11. Bd2 O-O 12. O-O Rd8 13. Bxb4 Nxb4 14. Qa4 a5 15. a3 Bd7 16. Qd1 Nc6 17. Qd2 Ne7 18. Rfd1 Bc6 19. Qf4 Nf5 20. Rac1 Qb3 21. Bd3 Bxf3 22. Qxf3 Rxd4 23. Bxf5 Rxd1+ 24. Qxd1 Qxd1+ 25. Rxd1 exf5 26. Rb1 Rb8 27. Rb5 b6 28. g3 Kf8 29.
Kg2 Ke7 30. f4 g6 31. a4 Ke6 32. Kh3 f6 33. exf6 Kxf6 34. Rd5 Ke6 35. Re5+ Kd6 36.
Rb5 Kc6 37. Re5 Rb7 38. Kh4 b5 39. axb5+ Rxb5 40. Re6+ Kd7 41. Ra6 Kc7 42. Kg5 Kb7 43. Re6 a4 44. Re3 Rb3 45. Re2 a3 46. Ra2 Kc6 47. Kh6 Rb2 48. Rxa3 Rxh2+ 49. Kg7 Kd5 50. Kf6 Ke4 51. Kg5 Rh3 52. Kf6 Kd4 53. Kg5 Kc4 54. Kf6 Kd4 55. Kg5 Ke4 56. Kf6 Rh1 57. Kg5 Rd1 58.
Kh6 Rh1+ 59. Kg5 Rf1 60. Kh6 Rf3 61. Ra4+ Ke3 62. Kxh7 Rxg3 63. Kh6 Rg4 64. Kg7 Kf3 65. Kf6 Rxf4 66. Ra3+ Kg4 67. Kxg6 Rd4 0-1

[Event "*** SCC Grand Prix: Titled Tuesday Blitz"]
[Site "Chess.com"]
[Date "2020.08.04"]
[Round "10"]
[White "Isajevsky_Anton"]
[Black "Slovak_fighter2000"]
[Result "1-0"]
[WhiteElo "2592"]
[BlackElo "2463"]
[TimeControl "180+1"]
[EndTime "15:39:14 PDT"]
[Termination "Isajevsky_Anton won by resignation"]

1. c4 e5 2. g3 Nf6 3. Bg2 Nc6 4. Nc3 Bc5 5. Nf3 d6 6. O-O h6 7. e3 a6 8. d4 Bb6 9. dxe5 Nxe5 10. Nd4 O-O 11. b3 Bg4 12. f3 Bd7 13. Kh1 Qc8 14. e4 Bh3 15. Be3 Bxg2+ 16. Kxg2 Re8 17. Qd2 Qd7 18. Rad1 Nc6 19. Nf5 Bxe3 20. Nxe3 Rad8 21.
Rf2 Ne7 22. Qd4 Nc6 23. Qd2 Ne7 24. Qc2 Qc6 25. Ncd5 Nfxd5 26. cxd5 Qb6 27. Rd3 c6 28. dxc6 bxc6 29. Rfd2 Qb8 30. Qd1 d5 31. exd5 cxd5 32. Nxd5 Nxd5 33. Rxd5 Rxd5 34. Rxd5 Qb6 35. Rd2 Qa5 36.
Re2 Rd8 37. Qc2 Qb6 38. h4 Qd4 39. h5 Qd6 40. g4 Qd7 41. Qe4 Rc8 42. Rc2 Rd8 43.
b4 Qb5 44. a3 Qd7 45. Re2 Qd6 46. Qf5 Qc6 47. Kf2 Rf8 48. Qe4 Qb6+ 49. Qe3 Qb7 50. Rd2 Qb5 51. Kg2 Qa4 52. Qd3 Qb5 53. Qxb5 axb5 54.
Rd5 Ra8 55. Rxb5 Rxa3 56. Rb8+ Kh7 57. Rb7 f6 58. Kg3 Rb3 59. Kf4 Kg8 60. Kf5 Kh7 61. Ke4 Rb1 62. b5 Rb4+ 63. Kd5 Rb3 64. b6 Rxf3 65. Rc7 Rb3 66. Kc6 Rb1 67. b7 Rc1+ 68.
Kd7 Rb1 69. Kc8 1-0

[Event "*** SCC Grand Prix: Titled Tuesday Blitz"]
[Site "Chess.com"]
[Date "2020.08.04"]
[Round "10"]
[White "Eternauta2400"]
[Black "praveenb2002"]
[Result "1-0"]
[WhiteElo "2570"]
[BlackElo "2766"]
[TimeControl "180+1"]
[EndTime "15:39:15 PDT"]
[Termination "Eternauta2400 won by resignation"]

1. c4 Nf6 2. Nc3 g6 3. e4 d6 4. d4 Bg7 5. Nf3 O-O 6. Be2 e5 7. d5 a5 8. Bg5 h6 9. Be3 Ng4 10. Bd2 f5 11. exf5 gxf5 12. h3 Nf6 13. Qc1 f4 14. g3 e4 15. Nh4 e3 16. fxe3 fxg3 17.
Ng6 Rf7 18. Qc2 Na6 19. O-O-O Nc5 20. Rhg1 Qe8 21. Rxg3 Nfe4 22. Rgg1 Bf5 23. Nh4 Bh7 24. Nxe4 Bxe4 25. Qc3 Kh7 26. Qa3 Qe7 27. Rg4 h5 28. Rxg7+ Rxg7 29. Nf3 Rg2 30. Nd4 Rxe2 31. Nxe2 Nd3+ 32.
Kb1 Nf2+ 33. Kc1 Nxd1 34. Kxd1 Rf8 35. Nf4 Rg8 36. Qc3 Rg1+ 37. Be1 Bf3+ 38. Kd2 Qe5 39. Qxe5 dxe5 40. Nd3 Rg2+ 41. Kc3 e4 42. Nf4 Rg1 43.
Bd2 Kh6 44. c5 Rg8 45. Kd4 Kg5 46. Bxa5 Rc8 47. Bxc7 Rxc7 48. Ne6+ Kh4 49. Nxc7 Kxh3 50. Ke5 Kg3 51. d6 Bg4 52. Ne6 h4 53. d7 h3 54.
d8=Q h2 55. Qh8 Bf3 56. Qg7+ Kf2 57. Qh6 h1=Q 58. Qxh1 Bxh1 59. Kd4 Ke2 60. b4 Bf3 61. b5 Bg4 62. Nd8 Bd7 63. c6 bxc6 64. bxc6 Bc8 65. Nb7 Kd2 66. Nd6 Be6 67. c7 Kc2 68. Nxe4 Kb2 69.
Nd6 Kxa2 70. c8=Q Bxc8 71. Nxc8 Kb3 72. Kc5 Kc3 73. e4 Kd3 74. e5 Ke4 75. e6 Kf5 76. e7 Kf6 77. e8=Q 1-0